 Dungeon Crawl Stone Soup version 0.29-a0-275-g389c0b56f3 (webtiles) character file.

Game seed: 15801776777089592114

193 bande the Chopper (level 5, -1/33 HPs)
             Began as a Gargoyle Fighter on Mar 10, 2022.
             Slain by Grinder (2 damage)
             ... on level 3 of the Dungeon.
             The game lasted 00:03:52 (2576 turns).

bande the Chopper (Gargoyle Fighter)                Turns: 2576, Time: 00:03:52

Health: -1/33      AC: 16    Str: 20    XL:     5   Next: 72%
Magic:  5/5        EV:  9    Int:  8    God:
Gold:   169        SH:  4    Dex: 11    Spells: 4/4 levels left

rFire   . . .      SeeInvis .   a - +0 war axe
rCold   . . .      Faith    .   c - +0 buckler
rNeg    + . .      Spirit   .   b - +0 scale mail
rPois   ∞          Reflect  .   (no helmet)
rElec   +          Harm     .   (no cloak)
rCorr   .          Rampage  .   k - +1 pair of gloves
Will    .....                   e - +2 pair of boots
Stlth   ..........              (no amulet)
HPRegen 0.11/turn               (no ring)
MPRegen 0.09/turn               (no ring)

@: no status effects
A: sickness immunity, AC +4, negative energy resistance 1, electricity
resistance, torment resistance 1, petrification resistance
a: no special abilities


You were on level 3 of the Dungeon.
You visited 1 branch of the dungeon, and saw 3 of its levels.

You collected 169 gold pieces.

Inventory:

Hand Weapons
 a - a +0 war axe (weapon)
 g - a +0 flail
Armour
 b - a +0 scale mail (worn)
 c - a +0 buckler (worn)
 e - a +2 pair of boots (worn)
 k - a +1 pair of gloves (worn)
Jewellery
 f - a +4 ring of evasion
Wands
 n - a wand of flame (10)
Potions
 d - a potion of attraction {unknown}
 h - a potion of heal wounds
 i - a potion of curing
 j - a potion of magic {unknown}
 l - a potion of flight
 m - a potion of brilliance {unknown}


   Skills:
 + Level 4.0 Fighting
 + Level 4.1 Axes
 + Level 4.0 Armour
 + Level 0.1 Stealth
 + Level 3.8 Shields


You had 4 spell levels left.
You didn't know any spells.
Your spell library contained the following spells:

 Spells                   Type           Power      Damage    Failure   Level
 Apportation              Tloc           0%         N/A       85%         1
 Alistair's Intoxication  Tmut/Pois      0%         N/A       100%        5


Dungeon Overview and Level Annotations

Branches:
Dungeon (3/15)

Altars:

Shops:
D:1 !

Annotations:
D:3 Grinder


Innate Abilities, Weirdness & Mutations

You are immune to sickness and miasma.
Your stone body is resilient. (AC +4)
You are immune to poison.
You resist negative energy. (rN+)
You are resistant to electric shocks. (rElec)
You are resistant to unholy torment.
You are immune to petrification.


Message History

The orc hits you with a +0 flail.
You hit the orc but do no damage.
The orc is lightly wounded.
The orc barely misses you. You block the orc's attack.
Grinder says, "Wait up."
You hit the orc.
The orc is almost dead.
The orc hits you but does no damage.
You closely miss the orc.
The orc is almost dead.
Grinder blinks!
The orc hits you with a +0 flail.
You hit the orc.
You kill the orc!
You barely miss the worm. You hit the worm.
The worm is moderately wounded.
Grinder blinks!
The worm barely misses you.
You hit the worm but do no damage.
The worm is lightly wounded.
The worm bites you.
You hit the worm.
The worm is moderately wounded.
The worm barely misses you.
You hit the worm.
The worm is heavily wounded.
You block the worm's attack.
You slash the worm!
You kill the worm!
You closely miss Grinder. Grinder hits you.
You writhe in agony.
You are too injured to fight recklessly!
You are too injured to fight recklessly!
You are too injured to fight recklessly!
You barely miss Grinder. Grinder hits you but does no damage.
Grinder gestures at you. Pain shoots through your body!
* * * LOW HITPOINT WARNING * * *
You closely miss Grinder. Grinder hits you.
* * * LOW HITPOINT WARNING * * *
You writhe in agony.
You die...

#.# #. #.. .## #.#
#.. ... #.# #.#
#5# #####
#@######...#######
#)...............#
#...).............
#.#####.###.####..
...# ##...## ###
##### #####


You could see Grinder.

Vanquished Creatures
  An ogre (D:3)
  2 adders
  4 worms
  2 dart slugs
  4 orcs (D:3)
  7 endoplasms
  2 giant cockroaches
  4 goblins
  8 hobgoblins
  5 jackals
  6 quokkas
  6 ball pythons
  3 bats
  A frilled lizard (D:2)
  5 kobolds
  8 rats
68 creatures vanquished.

Vanquished Creatures (others)
  5 plants
5 creatures vanquished.

Grand Total: 73 creatures vanquished

Notes
Turn   | Place    | Note
-------+----------+-------------------------------------------
     0 | D:1      | bande the Gargoyle Fighter began the quest for the Orb.
     0 | D:1      | Reached XP level 1. HP: 14/14 MP: 1/1
    13 | D:1      | Reached XP level 2. HP: 15/19 MP: 2/2
   181 | D:1      | Found Xeomatwo's Distillery.
   521 | D:1      | Reached XP level 3. HP: 23/23 MP: 3/3
  1403 | D:2      | You fall into a shaft and drop 1 floor!
  1591 | D:2      | Reached XP level 4. HP: 29/29 MP: 4/4
  2168 | D:3      | Noticed an ogre
  2177 | D:3      | Killed an ogre
  2178 | D:3      | Reached XP level 5. HP: 14/33 MP: 5/5
  2554 | D:3      | Noticed Grinder
  2576 | D:3      | HP: 1/33 [Grinder (6)]
  2576 | D:3      | Slain by Grinder

Illustrated notes

Levels and vault maps discovered:
D:1:      minmay_arrival_plants_in_alcoves, layout_basic, serial_shops,
          nicolae_shop_stone
D:2:      minmay_chambers_of_twos, layout_basic
D:3:      layout_loops_ring, serial_forest, infiniplex_forest_clump_tiny,
          infiniplex_forest_lined_corner, infiniplex_forest_clump_double,
          infiniplex_forest_corner_1, uniq_grinder

Skill      XL: |  1  2  3  4  5 |
---------------+----------------+-----
Axes           | 2 3 4 |  4.1
Armour         | 4 |  4.0
Fighting       | 4 |  4.0
Stealth        | |  0.1
Shields        | |  3.8

Action                   |  1- 3 |  4- 6 || total
-------------------------+-------+-------++-------
Melee: War axe           |   108 |   107 ||   215
  Use: Scroll            |     4 |     6 ||    10
       Potion            |       |     1 ||     1
Armor: Scale mail        |    59 |    62 ||   121
Dodge: Dodged            |    53 |    51 ||   104
Block: Buckler           |    27 |    15 ||    42

Table legend: (Time is in decaauts)
 A = Elapsed time spent in this place.
 B = Non-inter-level travel time spent in this place.
 C = Inter-level travel time spent in this place.
 D = Time resting spent in this place.
 E = Time spent auto-exploring this place.
 F = Levels seen in this place.
 G = Mean time per level.
                   A        B        C        D        E       F      G
               +--------+--------+--------+--------+--------+-----+--------+
         Total |   2663 |   2646 |     17 |    281 |   1745 |   3 |  887.7 |
       Dungeon |   2663 |   2646 |     17 |    281 |   1745 |   3 |  887.7 |
               +--------+--------+--------+--------+--------+-----+--------+

Top non-repeatable levels by time:
     D:2: 1033 daAuts
     D:1: 986 daAuts
     D:3: 643 daAuts
